 Dungeon Crawl Stone Soup version 0.27-a0-1232-gc6a4cbde82 (webtiles) character file.

Game seed: 10688976144549168023

30 hilljack the Digger (level 3, -7/19 HPs)
             Began as a Gargoyle Earth Elementalist on June 9, 2021.
             Mangled by Sigmund
             ... wielding a +0 scythe
              (11 damage)
             ... on level 2 of the Dungeon.
             The game lasted 00:03:11 (1190 turns).

hilljack the Digger (Gargoyle Earth Elementalist)   Turns: 1190, Time: 00:03:12

Health: -7/19      AC:  5    Str: 11    XL:     3   Next: 20%
Magic:  4/6        EV: 11    Int: 16    God:
Gold:   20         SH:  0    Dex: 10    Spells: 3/6 levels left

rFire    . . .     SeeInvis .   d - +0 dagger
rCold    . . .     Faith    .   (no shield)
rNeg     + . .     Spirit   .   c - +0 robe
rPois    ∞         Reflect  .   (no helmet)
rElec    +         Harm     .   (no cloak)
rCorr    .         Rampage  .   (no gloves)
Will     .....                  (no boots)
Stlth    ++........             (no amulet)
HPRegen  0.06/turn              (no ring)
MPRegen  0.10/turn              (no ring)

@: no status effects
A: sickness immunity, AC +3, negative energy resistance 1, electricity
resistance, torment resistance 1, petrification resistance
a: no special abilities


You were on level 2 of the Dungeon.
You visited 1 branch of the dungeon, and saw 2 of its levels.

You collected 20 gold pieces.

Inventory:

Hand Weapons
 d - a +0 dagger (weapon)
Missiles
 a - 23 sling bullets
 b - 31 stones
Armour
 c - a +0 robe (worn)
Scrolls
 e - a scroll of noise {unknown}


   Skills:
 - Level 1.5 Dodging
 - Level 2.1 Stealth
 + Level 2.4 Spellcasting
 - Level 0.7 Transmutations
 * Level 4.7 Earth Magic


You had 3 spell levels left.
You knew the following spells:

 Your Spells              Type           Power      Damage    Failure   Level
a - Sandblast             Erth           34%        2d9       2%          1
b - Passwall              Tmut/Erth      8%         N/A       10%         2

Your spell library contained the following spells:

 Spells                   Type           Power      Damage    Failure   Level
 Beastly Appendage        Tmut           8%         N/A       14%         1
 Wereblood                Tmut           4%         N/A       22%         2
 Stone Arrow              Conj/Erth      18%        3d8       22%         3
 Spider Form              Tmut/Pois      1%         N/A       45%         3
 Petrify                  Tmut/Erth      10%        N/A       54%         4
 Lee's Rapid Deconstruct  Erth           8%         3d8*      61%         5
 Ice Form                 Ice/Tmut       3%         N/A       86%         4
 Hydra Form               Tmut           2%         N/A       99%         5


Dungeon Overview and Level Annotations

Branches:
Dungeon (2/15)

Altars:

Annotations:
D:2 Sigmund


Innate Abilities, Weirdness & Mutations

You are immune to sickness and miasma.
Your stone body is resilient. (AC +3)
You are immune to poison.
You resist negative energy. (rN+)
You are resistant to electric shocks. (rElec)
You are resistant to unholy torment.
You are immune to petrification.


Message History

The goblin is severely wounded.
The goblin closely misses you.
You hit the goblin.
You kill the goblin!
No target in view!
HP restored.
You see here a +0 club.
There is a stone staircase leading up here.
Sigmund the Dreaded comes into view.
He is wielding a +0 scythe.
Aiming: Sandblast (safe; 2% risk of failure)
Press: ? - help, Q - select action, (/) - cycle Shift-Dir - straight line, f - Sigmund
Aim: Sigmund, wielding a +0 scythe and wearing a +0 robe (asleep, 100% to hit)
The blast of sand hits Sigmund!
Sigmund is heavily wounded.
Sigmund shouts!
Sigmund casts a spell at you.
You are confused.
You're too confused to cast spells.
Unknown command.
You're too confused to cast spells.
Unknown command.
You're too confused to cast spells.
Unknown command.
You're too confused to move!
Sigmund completely misses you.
You're too confused to move!
Sigmund hits you from afar with a +0 scythe!
You're too confused to cast spells.
Sigmund points at you and mumbles some strange words.
The magic dart hits you!
* * * LOW HITPOINT WARNING * * *
You bump into the rock wall.
You feel less confused.
Aiming: Sandblast (safe; 2% risk of failure)
Press: ? - help, Q - select action, (/) - cycle Shift-Dir - straight line, f/p - Sigmund
Aim: Sigmund, wielding a +0 scythe and wearing a +0 robe (heavily wounded, 77% to hit)
The blast of sand hits Sigmund!
Sigmund is severely wounded.
Sigmund hits you from afar with a +0 scythe!
Ouch! That really hurt!
You die...

############
#...@.@....#
.....^.########.#
## .......
#.###########.
..#.###
#.<....).....# #
# #############.
######### #.
#.......# #.
#.#####.# #.
#.#####.#######.


You could see Sigmund.

Vanquished Creatures
  A ball python (D:1)
  3 endoplasms (D:1)
  5 goblins
  3 hobgoblins
  3 quokkas (D:1)
  4 bats (D:1)
  3 frilled lizards (D:1)
  2 kobolds (D:1)
  5 rats (D:1)
29 creatures vanquished.

Notes
Turn   | Place    | Note
-------+----------+-------------------------------------------
     0 | D:1      | hilljack the Gargoyle Earth Elementalist began the quest
                  | for the Orb.
     0 | D:1      | Reached XP level 1. HP: 10/10 MP: 3/3
   132 | D:1      | Reached skill level 4 in Earth Magic
   236 | D:1      | Reached XP level 2. HP: 13/15 MP: 5/5
   239 | D:1      | Learned a level 2 spell: Passwall
   574 | D:1      | Reached XP level 3. HP: 19/19 MP: 2/6
  1181 | D:2      | Noticed Sigmund
  1190 | D:2      | Mangled by Sigmund

Illustrated notes

Levels and vault maps discovered:
D:1:      minmay_arrival_diagonal_passages, layout_basic, minmay_tetromino_i4
D:2:      layout_loops_ring, basic_altar, serial_shops, shop_fountains,
          ebering_ecumenical_altar_hall, uniq_sigmund

Skill      XL: |  1 |
---------------+----+-----
Earth Magic    | 4 |  4.7
Dodging        | |  1.5
Stealth        | |  2.1
Spellcasting   | |  2.4
Transmutations | |  0.7

Action                   || total
-------------------------++-------
Melee: Dagger            ||    57
 Cast: Sandblast         ||    26
 Stab: Distracted        ||     1
       Sleeping          ||     1
Armor: Robe              ||    22
Dodge: Dodged            ||    46

Table legend: (Time is in decaauts)
 A = Elapsed time spent in this place.
 B = Non-inter-level travel time spent in this place.
 C = Inter-level travel time spent in this place.
 D = Time resting spent in this place.
 E = Time spent auto-exploring this place.
 F = Levels seen in this place.
 G = Mean time per level.
                   A        B        C        D        E       F      G
               +--------+--------+--------+--------+--------+-----+--------+
         Total |   1189 |   1175 |     14 |    323 |    609 |   2 |  594.5 |
       Dungeon |   1189 |   1175 |     14 |    323 |    609 |   2 |  594.5 |
               +--------+--------+--------+--------+--------+-----+--------+

Top non-repeatable levels by time:
     D:1: 1022 daAuts
     D:2: 166 daAuts
